 Dungeon Crawl Stone Soup version 0.29.0-4-gdea44cf6ec (webtiles) character file.

Game seed: 12924990991599436087

961 qw the Chopper (level 7, -6/54 HPs)
             Began as a Demonspawn Cinder Acolyte on Sept 8, 2022.
             Was a Priest of Ignis.
             Killed from afar by a gargoyle (20 damage)
             ... with a stone arrow
             ... on level 5 of the Dungeon.
             The game lasted 00:02:02 (5646 turns).

qw the Chopper (Demonspawn Cinder Acolyte)          Turns: 5646, Time: 00:02:03

Health: -6/54      AC: 17    Str: 16    XL:     7   Next: 92%
Magic:  8/8        EV: 12    Int: 16    God:    Ignis [***...]
Gold:   303        SH:  8    Dex:  8    Spells: 8/8 levels left

rFire   + + .      SeeInvis .   Y - +0 hand axe (flame)
rCold   . . .      Faith    .   h - +0 kite shield
rNeg    . . .      Spirit   .   b - +5 ring mail "Wasi" {rPois rF+}
rPois   +          Reflect  .   (no helmet)
rElec   .          Harm     .   (no cloak)
rCorr   .          Rampage  .   (no gloves)
Will    .....                   (no boots)
Stlth   ..........              (no amulet)
HPRegen 0.18/turn               (no ring)
MPRegen 0.11/turn               (no ring)

@: fiery-armoured
A: repulsion field 2, powered by death 1
a: Renounce Religion, Fiery Armour, Foxfire Swarm, Rising Flame


You were on level 5 of the Dungeon.
You worshipped Ignis.
Ignis was most pleased with you.
You visited 1 branch of the dungeon, and saw 5 of its levels.
You also visited: Sewer.

You collected 303 gold pieces.


Innate Abilities, Weirdness & Mutations

You are surrounded by a moderate repulsion field. (EV +3)
You regenerate a little health from kills.


   Skills:
 - Level 4.0 Fighting
 + Level 6.0 Axes
 - Level 1.3 Throwing
 - Level 1.0 Armour
 - Level 1.2 Dodging
 - Level 5.0 Shields
 - Level 1.0 Spellcasting
 - Level 2.6 Fire Magic


You had 8 spell levels left.
You didn't know any spells.
Your spell library contained the following spells:

 Spells                   Type           Power      Damage    Failure   Level
 Scorch                   Fire           18%        2d6       52%         2

Inventory:

Hand Weapons
 Y - a +0 hand axe of flaming (weapon)
Missiles
 g - 6 javelins (quivered)
Armour
 b - the +5 ring mail "Wasi" (worn) {rPois rF+}
   (You found it on level 3 of the Dungeon)

   rF:        It protects you from fire.
   rPois:     It protects you from poison.
 f - a +0 chain mail
 h - a +0 kite shield (worn)
Scrolls
 j - 5 scrolls of teleportation
 n - a scroll of identify
Potions
 a - a potion of might
 c - 2 potions of haste
 d - a potion of resistance
 e - 2 potions of curing
 i - a potion of heal wounds {unknown}
 k - a potion of lignification {unknown}
 l - a potion of mutation {unknown}
 m - a potion of brilliance {unknown}
 o - a potion of invisibility {unknown}

Dungeon Overview and Level Annotations

Branches:
Dungeon (5/15)              Sewer (visited)
 Temple: D:4-7

Altars:

Shops:
D:3 =

Annotations:
D:3 1 runed translucent door, qw's ghost, amateur MiFi
D:5 3 runed translucent doors


Message History

The scorpion misses you.
You hit the scorpion. You burn the scorpion.
The scorpion is heavily wounded.
The scorpion stings you. The scorpion misses you.
You barely miss the scorpion.
The scorpion is heavily wounded.
You block the scorpion's attack.
You hit the scorpion. You burn the scorpion.
The scorpion is almost dead.
You block the scorpion's attack. x2
You barely miss the scorpion.
The scorpion is almost dead.
The scorpion barely misses you.
You slash the scorpion! You burn the scorpion.
You kill the scorpion!
Your Shields skill increases to level 5!
You start resting.
A gargoyle comes into view. It is wielding a +0 flail.
You barely miss the gargoyle. You block the gargoyle's attack.
You hit the gargoyle but do no damage.
You hear an angry hiss.
The gargoyle hurls a stone arrow at you.
The stone arrow hits you!
You hit the gargoyle but do no damage.
The gargoyle hurls a stone arrow at you.
The stone arrow misses you.
You barely miss the gargoyle.
You hear an angry hiss.
The gargoyle barely misses you. You block the gargoyle's attack.
You barely miss the gargoyle. The gargoyle closely misses you.
You hit the gargoyle but do no damage.
The gargoyle hurls a stone arrow at you.
The stone arrow hits you!!
5646 ||| INVOKING Fiery Armour.
A protective cloak of flame settles atop you.
The gargoyle hurls a stone arrow at you.
The stone arrow hits you!!
You die...

#####
##...#####
##........##
#..######..#
##.## ##.#
#..#
##9#.########
#..#
#@##........#
#..#
##.).##++##..
#..# #####
.8# #..## .8#
#...# #!.
[#.... #...#
|.. #...
#..## .. .. #
#..# ### ..
#.##.# #..#
+.## +##....


You could see a gargoyle.

Vanquished Creatures
  An ice beast (D:5)
  5 scorpions
  2 bullfrogs (Sewer)
  A hound (D:4)
  An orc priest (D:5)
  An iguana (D:4)
  2 orc wizards
  6 river rats
  15 adders
  2 ufetubi
  A worm (D:3)
  A dart slug (D:2)
  10 orcs
  17 ball pythons
  9 endoplasms
  5 giant cockroaches
  4 goblins
  4 hobgoblins
  3 jackals (D:3)
  4 kobolds
  4 quokkas
  4 bats
  3 frilled lizards
  36 rats
141 creatures vanquished.

Notes
Turn   | Place    | Note
-------+----------+-------------------------------------------
     0 | D:1      | qw the Demonspawn Cinder Acolyte began the quest for the
                  | Orb.
     0 | D:1      | Reached XP level 1. HP: 18/18 MP: 2/2
     0 | D:1      | 0 ||| qw: Version: 0.1-a-111-g1c1fd2e
     0 | D:1      | 0 ||| qw: Game counter: 6632
     0 | D:1      | 0 ||| qw: Always use a shield: true
     0 | D:1      | 0 ||| qw: God list: Okawaru
     0 | D:1      | 0 ||| qw: Allow faded altars: false
     0 | D:1      | 0 ||| qw: Do Orc after D:15 true
     0 | D:1      | 0 ||| qw: Do second Lair branch before Depths: true
     0 | D:1      | 0 ||| qw: Lair rune preference: random
     0 | D:1      | 0 ||| qw: Plans: Normal
     0 | D:1      | 0 ||| PLANNING D:1-11
   154 | D:1      | 154 ||| INVOKING Fiery Armour.
   342 | D:1      | Reached skill level 3 in Axes
   349 | D:1      | You fall into a shaft and drop 1 floor!
   377 | D:2      | Found a faded altar of an unknown god.
   496 | D:2      | 496 ||| READING scroll labelled YPEXIMNUFILIL.
   497 | D:2      | 497 ||| READING scroll labelled GODOON VUIGHYI.
   498 | D:2      | 498 ||| Stepping randomly (stuck).
   499 | D:2      | 499 ||| Stepping ~*~*~tactically~*~*~ (cloud).
   505 | D:2      | HP: 4/18 [poisoned by you (poison gas)]
   522 | D:2      | 522 ||| INVOKING Fiery Armour.
   529 | D:2      | Gained mutation: You are surrounded by a mild repulsion
                  | field. (EV +2) [demonic ancestry]
   529 | D:2      | Reached XP level 2. HP: 7/24 MP: 3/3
  1855 | D:1      | 1855 ||| UPGRADING to +0 ring mail.
  1865 | D:1      | 1865 ||| DROPPING +0 robe.
  1866 | D:1      | 1866 ||| UPGRADING to +0 scale mail.
  1876 | D:1      | 1876 ||| DROPPING +0 ring mail.
  1877 | D:1      | 1877 ||| UPGRADING to +0 kite shield.
  1882 | D:1      | 1882 ||| READING scroll labelled BIAMUTR CODYA.
  1941 | D:2      | Reached skill level 1 in Shields
  1941 | D:2      | Gained mutation: You regenerate a little health from kills.
                  | [demonic ancestry]
  1941 | D:2      | Reached XP level 3. HP: 29/29 MP: 4/4
  2012 | D:2      | 2012 ||| Stepping ~*~*~tactically~*~*~ (stealth).
  2293 | D:2      | 2293 ||| Stepping ~*~*~tactically~*~*~ (stealth).
  2311 | D:2      | 2311 ||| READING scroll labelled XORUATR HIRO.
  2312 | D:2      | 2312 ||| DRINKING 3 black potions.
  2438 | D:3      | 2438 ||| FLEEEEING.
  2439 | D:3      | 2439 ||| FLEEEEING.
  2441 | D:3      | 2441 ||| FLEEEEING.
  2442 | D:3      | 2442 ||| FLEEEEING.
  2444 | D:3      | 2444 ||| FLEEEEING.
  2445 | D:3      | 2445 ||| FLEEEEING.
  2446 | D:3      | 2446 ||| FLEEEEING.
  2447 | D:3      | 2447 ||| FLEEEEING.
  2448 | D:3      | 2448 ||| FLEEEEING.
  2449 | D:3      | 2449 ||| FLEEEEING.
  2452 | D:3      | 2452 ||| FLEEEEING.
  2453 | D:3      | 2453 ||| FLEEEEING.
  2454 | D:3      | 2454 ||| FLEEEEING.
  2455 | D:3      | 2455 ||| FLEEEEING.
  2456 | D:3      | 2456 ||| STAIRDANCE
  2456 | D:3      | HP: 7/29 [poisoned by a kobold]
  2461 | D:2      | HP: 3/29 [poisoned by a kobold]
  2753 | D:3      | 2753 ||| STAIRDANCE
  2944 | D:3      | Found Ulaip's Jewellery Shoppe.
  2954 | D:3      | 2954 ||| SHOPLISTING +4 ring of evasion (468 gold, have
                  | 121).
  2954 | D:3      | 2954 ||| SHOPLISTING +4 ring of slaying (1014 gold, have
                  | 121).
  2954 | D:3      | 2954 ||| SHOPLISTING amulet "Kiusolo" {Spirit Str+2} (535
                  | gold, have 121).
  2954 | D:3      | 2954 ||| SHOPLISTING amulet of reflection (390 gold, have
                  | 121).
  2954 | D:3      | 2954 ||| SHOPLISTING ring of Qiledev {rF+ SInv Stlth+} (507
                  | gold, have 121).
  2954 | D:3      | 2954 ||| SHOPLISTING ring of fire (325 gold, have 121).
  2954 | D:3      | 2954 ||| SHOPLISTING ring of poison resistance (260 gold,
                  | have 121).
  2954 | D:3      | 2954 ||| SHOPLISTING ring of willpower (325 gold, have
                  | 121).
  3032 | D:3      | Found a runed translucent door.
  3035 | D:3      | Noticed qw's ghost (amateur MiFi)
  3036 | D:3      | Identified the +5 ring mail "Wasi" {rPois rF+}
  3112 | D:3      | Gained mutation: You are surrounded by a moderate repulsion
                  | field. (EV +3) [demonic ancestry]
  3112 | D:3      | Reached XP level 4. HP: 35/35 MP: 5/5
  3747 | D:3      | 3747 ||| UPGRADING to +5 ring mail "Wasi" {rPois rF+}.
  3757 | D:3      | 3757 ||| DROPPING +0 scale mail.
  3758 | D:3      | 3758 ||| READING scroll labelled YCISTEIWNA.
  3759 | D:3      | 3759 ||| DRINKING 2 murky silvery potions.
  3760 | D:3      | 3760 ||| DRINKING 2 golden potions.
  3761 | D:3      | 3761 ||| DROPPING potion of flight.
  3812 | D:4      | 3812 ||| DROPPING +0 vorpal hand axe.
  3822 | D:4      | 3822 ||| Stepping ~*~*~tactically~*~*~ (hiding).
  3827 | D:4      | 3827 ||| INVOKING Fiery Armour.
  3831 | D:4      | Reached skill level 3 in Shields
  3990 | D:4      | Reached skill level 4 in Axes
  3990 | D:4      | Reached XP level 5. HP: 40/41 MP: 6/6
  4287 | D:4      | Reached skill level 5 in Axes
  4287 | D:4      | Reached XP level 6. HP: 46/47 MP: 7/7
  4497 | D:4      | Reached skill level 1 in Dodging
  4673 | D:4      | 4673 ||| READING scroll labelled EHONOH WOSE.
  4674 | D:4      | 4674 ||| READING scroll labelled NEADUI EKIKKEE.
  4675 | D:4      | 4675 ||| READING scroll labelled PEOGAUS ATAHI.
  4676 | D:4      | 4676 ||| READING 3 scrolls labelled XOYV JEYKLO.
  4677 | D:4      | 4677 ||| READING scroll labelled TUQ MYSUINU.
  4678 | D:4      | 4678 ||| DRINKING 2 glowing purple potions.
  4679 | D:4      | 4679 ||| DROPPING 2 scrolls of butterflies.
  4685 | D:5      | Entered Level 5 of the Dungeon
  4686 | D:5      | 4686 ||| PLANNING SEWER
  4728 | D:5      | Noticed an ice beast
  4748 | D:5      | Killed an ice beast
  4894 | D:5      | 4894 ||| INVOKING Fiery Armour.
  4904 | D:5      | Reached XP level 7. HP: 52/52 MP: 8/8
  4975 | D:5      | Found a glowing drain.
  4993 | Sewer    | Entered a sewer
  5008 | Sewer    | 5008 ||| INVOKING Fiery Armour.
  5087 | Sewer    | Reached skill level 6 in Axes
  5092 | Sewer    | 5092 ||| Stepping ~*~*~tactically~*~*~ (water).
  5146 | Sewer    | Reached skill level 1 in Armour
  5193 | Sewer    | 5193 ||| INVOKING Fiery Armour.
  5334 | Sewer    | 5334 ||| DRINKING 2 fuming green potions.
  5335 | Sewer    | 5335 ||| READING 2 scrolls of identify.
  5335 | Sewer    | 5335 ||| IDENTIFYING clear potion
  5336 | Sewer    | 5336 ||| DROPPING potion of degeneration.
  5340 | D:5      | 5340 ||| PLANNING D:1-11
  5509 | D:5      | Reached skill level 1 in Throwing
  5540 | D:5      | Found a large runed translucent door.
  5588 | D:5      | Found a large runed translucent door.
  5588 | D:5      | Found a large runed translucent door.
  5639 | D:5      | Noticed a gargoyle
  5646 | D:5      | 5646 ||| INVOKING Fiery Armour.
  5646 | D:5      | Killed from afar by a gargoyle

Levels and vault maps discovered:
D:1:      reono_arrival_forest_river, layout_basic, hangedman_decor_slide_cut
D:2:      layout_rooms, chequers_ecumenical_altar_simple_redux
D:3:      layout_loops_cross, ebering_ghost_sewer_d, serial_shops,
          nicolae_shop_waterfront, nicolae_eternal_life,
          chequers_serial_rivers_small_a
D:4:      layout_loops_cross, minmay_snake_closets
D:5:      lemuel_ice_spiral_2, layout_basic, portal_sewer_entry_a,
          minmay_hollow_rounded_squares

Skill      XL: |  1  2  3  4  5  6  7 |
---------------+----------------------+-----
Axes           | 3 4 5 6 |  6.0
Shields        | 1 2 3 4 5 |  5.0
Dodging        | 1 |  1.2
Armour         | 1 |  1.0
Fighting       | 4 |  4.0
Throwing       | 1 |  1.3
Spellcasting   | |  1.0
Fire Magic     | |  2.6

Action                   |  1- 3 |  4- 6 |  7- 9 || total
-------------------------+-------+-------+-------++-------
Melee: Hand axe          |   150 |   152 |   128 ||   430
Throw: Javelin           |       |       |     2 ||     2
Invok: Fiery Armour      |     2 |     2 |     3 ||     7
  Use: Scroll            |     4 |     6 |     1 ||    11
       Potion            |     1 |     3 |     1 ||     5
Armor: Robe              |    14 |       |       ||    14
       Scale mail        |    33 |    22 |       ||    55
       Ring mail         |       |    47 |    37 ||    84
Dodge: Dodged            |    63 |    88 |    56 ||   207
Block: Kite shield       |    31 |    60 |    54 ||   145

Table legend:
 A = Non-vault XP
 B = Vault XP
 C = Vault XP percentage of total XP
 D = Non-vault monster count
 E = Vault monster count
 F = Vault count percentage of total count
                 A         B        C        D         E       F
            +---------+---------+-------+---------+---------+-------
      Total |     835 |     538 |  39.2 |      72 |      69 |  48.9
            +---------+---------+-------+---------+---------+-------
        D:1 |      18 |       0 |   0.0 |      11 |       0 |   0.0
        D:2 |      44 |       0 |   0.0 |      19 |       0 |   0.0
        D:3 |      49 |       0 |   0.0 |      15 |       0 |   0.0
        D:4 |     258 |      81 |  23.9 |      15 |       8 |  34.8
        D:5 |     466 |      99 |  17.5 |      12 |       4 |  25.0
      Sewer |       0 |     358 | 100.0 |       0 |      57 | 100.0
            +---------+---------+-------+---------+---------+-------
